 Dungeon Crawl Stone Soup version 0.29-a0-553-g81b289dbe5 (webtiles) character file.

Game seed: 7367963482086037551

87 DocClef the Covert (level 4, -1/41 HPs)
             Began as a Gnoll Delver on June 7, 2022.
             Slain by a hound (4 damage)
             ... on level 5 of the Dungeon.
             The game lasted 00:00:27 (341 turns).

DocClef the Covert (Gnoll Delver)                    Turns: 341, Time: 00:00:28

Health: -1/41      AC:  3    Str: 13    XL:     4   Next: 51%
Magic:  5/5        EV: 13    Int: 10    God:
Gold:   17         SH:  0    Dex: 13    Spells: 5/5 levels left

rFire   . . .      SeeInvis .   a - +0 short sword
rCold   . . .      Faith    .   (no shield)
rNeg    . . .      Spirit   .   b - +0 leather armour
rPois   .          Reflect  .   (no helmet)
rElec   .          Harm     .   (no cloak)
rCorr   .          Rampage  .   (no gloves)
Will    .....                   (no boots)
Stlth   ++++......              (no amulet)
HPRegen 0.13/turn               (no ring)
MPRegen 0.09/turn               (no ring)

@: no status effects
A: fangs 1, strong nose, distributed training
a: no special abilities


You were on level 5 of the Dungeon.
You visited 1 branch of the dungeon, and saw 1 of its levels.

You collected 17 gold pieces.

Inventory:

Hand Weapons
 a - a +0 short sword (weapon)
Armour
 b - a +0 leather armour (worn)
Wands
 g - a wand of digging (3)
Scrolls
 c - a scroll of fog
 d - a scroll of magic mapping
 e - a scroll of fear
Potions
 f - a potion of haste


   Skills:
 + Level 6.6 Fighting
 + Level 4.6 Short Blades
 + Level 1.1 Long Blades
 + Level 1.1 Axes
 + Level 1.1 Maces & Flails
 + Level 1.1 Polearms
 + Level 1.1 Staves
 + Level 1.1 Slings
 + Level 1.1 Bows
 + Level 1.1 Crossbows
 + Level 1.1 Throwing
 + Level 1.1 Armour
 + Level 4.6 Dodging
 + Level 9.6 Stealth
 + Level 1.1 Shields
 + Level 1.1 Unarmed Combat
 + Level 1.1 Spellcasting
 + Level 0.9 Conjurations
 + Level 0.9 Hexes
 + Level 0.9 Summonings
 + Level 0.9 Necromancy
 + Level 0.9 Translocations
 + Level 0.9 Transmutations
 + Level 0.9 Fire Magic
 + Level 0.9 Ice Magic
 + Level 0.9 Air Magic
 + Level 0.9 Earth Magic
 + Level 0.9 Poison Magic
 + Level 1.2 Invocations
 + Level 1.1 Evocations


You had 5 spell levels left.
You didn't know any spells.
Your spell library was empty.

Dungeon Overview and Level Annotations

Branches:
Dungeon (5/15)
 Temple: D:4-7

Altars:
Kikubaaqudgha

Shops:
D:5 *


Innate Abilities, Weirdness & Mutations

You have very sharp teeth.
Your uncanny sense of smell can sniff out nearby items.
Your experience applies equally to all skills.


Message History

You are too injured to fight recklessly!
You are too injured to fight recklessly!
You are too injured to fight recklessly!
You are too injured to fight recklessly!
You are too injured to fight recklessly!
You are too injured to fight recklessly!
You are too injured to fight recklessly!
You are too injured to fight recklessly!
You are too injured to fight recklessly!
You are too injured to fight recklessly!
You are too injured to fight recklessly!
You are too injured to fight recklessly!
You are too injured to fight recklessly!
You are too injured to fight recklessly!
You are too injured to fight recklessly!
Unknown command.
The gnoll attacks as you move away! The gnoll hits you with a +0 club!
* * * LOW HITPOINT WARNING * * *
Found Hatsemed's General Store.
The hound barely misses you. The gnoll barely misses you.
The hound barely misses you. The hound attacks as you move away!
The hound misses you. The hound attacks as you move away! The hound bites you.
* * * LOW HITPOINT WARNING * * *
The hound closely misses you. The hound attacks as you move away!
The hound bites you but does no damage. The hound attacks as you move away!
The hound completely misses you. The hound bites you.
* * * LOW HITPOINT WARNING * * *
The hound bites you.
* * * LOW HITPOINT WARNING * * *
The hound barely misses you. The hound misses you. The hound bites you.
* * * LOW HITPOINT WARNING * * *
The hound bites you but does no damage. The hound attacks as you move away!
The hound closely misses you. The hound completely misses you.
The hound attacks as you move away! The hound bites you.
You die...

#....####..### #...†#
#....# #.. #.#.##
#.###..... #.#g##
##.# #....
##...g###.†# .....
#......##..# #.....
#..###.g...##......
#.......gh.........
......#####@........
##..### ##........
##. ##....#... ###.
##....#...#
#...#######.........#
#..........##...##
##...####.## #..#
#.### #.# #.### ##.#
..# ##...


You could see a hound and 4 gnolls.

Vanquished Creatures
  A scorpion (D:5)
  An iguana (D:5)
  An ufetubus (D:5)
3 creatures vanquished.

Notes
Turn   | Place    | Note
-------+----------+-------------------------------------------
     0 | D:5      | Reached skill level 9 in Stealth
     0 | D:5      | DocClef the Gnoll Delver began the quest for the Orb.
     0 | D:5      | Reached XP level 1. HP: 23/23 MP: 1/1
   207 | D:5      | Noticed a scorpion
   209 | D:5      | Noticed an iguana
   214 | D:5      | Killed a scorpion
   215 | D:5      | Reached skill level 1 in Long Blades
   215 | D:5      | Reached skill level 1 in Axes
   215 | D:5      | Reached skill level 1 in Maces & Flails
   215 | D:5      | Reached skill level 1 in Polearms
   215 | D:5      | Reached skill level 1 in Staves
   215 | D:5      | Reached skill level 1 in Slings
   215 | D:5      | Reached skill level 1 in Bows
   215 | D:5      | Reached skill level 1 in Crossbows
   215 | D:5      | Reached skill level 1 in Throwing
   215 | D:5      | Reached skill level 1 in Armour
   215 | D:5      | Reached skill level 1 in Shields
   215 | D:5      | Reached skill level 1 in Unarmed Combat
   215 | D:5      | Reached skill level 1 in Spellcasting
   215 | D:5      | Reached skill level 1 in Invocations
   215 | D:5      | Reached skill level 1 in Evocations
   215 | D:5      | Reached XP level 2. HP: 29/29 MP: 1/3
   215 | D:5      | Reached XP level 3. HP: 35/35 MP: 1/4
   215 | D:5      | Reached XP level 4. HP: 41/41 MP: 1/5
   265 | D:5      | Found an ancient bone altar of Kikubaaqudgha.
   323 | D:5      | Found Hatsemed's General Store.
   341 | D:5      | Slain by a hound

Illustrated notes

Levels and vault maps discovered:
D:5:      layout_layer_cave, overflow_temple_1_default,
          chequers_temple_overflow_minitemple, serial_shops, shop,
          gammafunk_ghost_cemetery, uniq_blork_the_orc

Skill      XL: |  1 |
---------------+----+-----
Stealth        | |  9.6
Long Blades    | 1 |  1.1
Axes           | 1 |  1.1
Maces & Flails | 1 |  1.1
Polearms       | 1 |  1.1
Staves         | 1 |  1.1
Slings         | 1 |  1.1
Bows           | 1 |  1.1
Crossbows      | 1 |  1.1
Throwing       | 1 |  1.1
Armour         | 1 |  1.1
Shields        | 1 |  1.1
Unarmed Combat | 1 |  1.1
Spellcasting   | 1 |  1.1
Invocations    | 1 |  1.2
Evocations     | 1 |  1.1
Fighting       | |  6.6
Short Blades   | |  4.6
Dodging        | |  4.6
Conjurations   | |  0.9
Hexes          | |  0.9
Summonings     | |  0.9
Necromancy     | |  0.9
Translocations | |  0.9
Transmutations | |  0.9
Fire Magic     | |  0.9
Ice Magic      | |  0.9
Air Magic      | |  0.9
Earth Magic    | |  0.9
Poison Magic   | |  0.9

Action                   |  1- 3 |  4- 6 || total
-------------------------+-------+-------++-------
Melee: Short sword       |     6 |     7 ||    13
       Bite              |     1 |       ||     1
 Stab: Sleeping          |     1 |       ||     1
Armor: Leather armour    |       |     2 ||     2
Dodge: Dodged            |     7 |    16 ||    23

Table legend: (Time is in decaauts)
 A = Elapsed time spent in this place.
 B = Non-inter-level travel time spent in this place.
 C = Inter-level travel time spent in this place.
 D = Time resting spent in this place.
 E = Time spent auto-exploring this place.
 F = Levels seen in this place.
 G = Mean time per level.
                   A        B        C        D        E       F      G
               +--------+--------+--------+--------+--------+-----+--------+
         Total |    339 |    339 |      0 |      0 |    284 |   1 |  339.0 |
       Dungeon |    339 |    339 |      0 |      0 |    284 |   1 |  339.0 |
               +--------+--------+--------+--------+--------+-----+--------+

Top non-repeatable levels by time:
     D:5: 339 daAuts
